 Dungeon Crawl Stone Soup version 0.29.1-1-gd02db6906a (webtiles) character file.

Game seed: 11574376203880687806

539 vvl the Stinger (level 7, 0/51 HPs)
             Began as a Demonspawn Venom Mage on Oct 6, 2022.
             Slain by a hobgoblin (2 damage)
             ... on level 4 of the Dungeon.
             The game lasted 00:08:21 (5945 turns).

vvl the Stinger (Demonspawn Venom Mage)             Turns: 5945, Time: 00:08:22

Health: 0/51       AC:  3    Str:  8    XL:     7   Next: 5%
Magic:  8/11       EV: 13    Int: 18    God:
Gold:   122        SH:  0    Dex: 14    Spells: 11/12 levels left

rFire   . . .      SeeInvis +   k - +2 quarterstaff (chaos)
rCold   . . .      Faith    .   (shield currently unavailable)
rNeg    . . .      Spirit   .   a - +0 robe
rPois   .          Reflect  .   (helmet restricted)
rElec   .          Harm     .   l - +0 cloak
rCorr   .          Rampage  .   (no gloves)
Will    .....                   (no boots)
Stlth   ++........              (no amulet)
HPRegen 0.17/turn               c - ring of flight
MPRegen 0.24/turn               i - ring of see invisible

@: flying
A: antennae 1, claws 2, spiny 1, magic regeneration, weakness stinger 1
a: no special abilities


You were on level 4 of the Dungeon.
You visited 1 branch of the dungeon, and saw 4 of its levels.

You collected 122 gold pieces.

Inventory:

Hand Weapons
 k - a +2 quarterstaff of chaos (weapon)
Armour
 a - a +0 robe (worn)
 l - a +0 cloak (worn)
Magical Staves
 h - a staff of fire
Jewellery
 c - a ring of flight (left claw)
 g - a ring of magical power
 i - a ring of see invisible (right claw)
Wands
 j - a wand of mindburst (9)
Scrolls
 d - 6 scrolls of teleportation {unknown}
 e - 2 scrolls of enchant weapon {unknown}
 f - 8 scrolls of identify {unknown}
 m - a scroll of fear {unknown}
Potions
 b - a potion of magic
 n - a potion of mutation {unknown}
 o - a potion of curing {unknown}
 p - a potion of brilliance {unknown}
 q - a potion of ambrosia {unknown}


   Skills:
 + Level 2.5 Fighting
 + Level 2.1 Armour
 + Level 3.0 Dodging
 - Level 2.0 Stealth
 + Level 3.1 Spellcasting
 + Level 2.4 Transmutations
 * Level 5.0 Poison Magic


You had 11 spell levels left.
You knew the following spells:

 Your Spells              Type           Power      Damage    Failure   Level
a - Sting                 Tmut/Pois      64%        1d6       3%          1

Your spell library contained the following spells:

 Spells                   Type           Power      Damage    Failure   Level
 Poisonous Vapours        Pois/Air       22%        N/A       9%          2
 Shock                    Conj/Air       8%         1d3       16%         1
 Olgreb's Toxic Radiance  Pois           20%        N/A       21%         4
 Mephitic Cloud           Conj/Pois/Air  8%         N/A       24%         3
 Dazzling Flash           Conj/Hex       4%         N/A       43%         3
 Swiftness                Air            2%         N/A       43%         3
 Airstrike                Air            1%         2d(1-17)  85%         4
 Iskenderun's Mystic Bla  Conj/Tloc      2%         2d3       85%         4
 Starburst                Conj/Fire      1%         6d3       100%        6


Dungeon Overview and Level Annotations

Branches:
Dungeon (4/15)
 Temple: D:4-7

Altars:
Fedhas
Qazlal

Shops:
D:2 (   D:3 [


Innate Abilities, Weirdness & Mutations

You have a pair of small antennae on your head.
You have very sharp fingernails.
You are partially covered in sharp spines.
You regenerate magic rapidly.
You have a small tail.


Message History

An ogre is nearby!
Found a potion of cancellation.
A goblin comes into view. It is wielding a +0 club.
The sting hits the ogre.
The ogre is poisoned.
The ogre is lightly wounded.
The sting misses the ogre.
The sting hits the goblin.
The goblin is poisoned.
The goblin is heavily wounded.
You kill the goblin!
The ogre hits you with a +0 giant spiked club!!
A hobgoblin comes into view.
The sting hits the ogre.
The ogre looks even sicker.
The ogre is moderately wounded.
The hobgoblin shouts!
The sting hits the ogre but does no damage.
The ogre looks even sicker.
The ogre is heavily wounded.
The ogre hits you with a +0 giant spiked club!
* * * LOW HITPOINT WARNING * * *
You are too injured to fight recklessly!
You hit the ogre. You freeze the ogre.
The ogre is severely wounded.
The ogre barely misses you.
You hit the ogre. You freeze the ogre.
The ogre is severely wounded.
The ogre hits you with a +0 giant spiked club!
* * * LOW HITPOINT WARNING * * *
You hit the ogre but do no damage.
The ogre is almost dead.
The ogre misses you.
You thump the ogre! You burn the ogre.
You kill the ogre!
The hobgoblin closely misses you.
Your Dodging skill increases to level 3!
Your Poison Magic skill increases to level 5!
You have reached level 7!
Your demonic ancestry asserts itself...
Sharp spines emerge from parts of your body.
You barely miss the hobgoblin. The hobgoblin is struck by your spines.
The hobgoblin hits you.
You die...

#..####....##
!.# #.#.##
...#..#.#####.##
#...###.......#
8....##
##.##...#
..#.#.###.## .#
8 #.#..#.##
#.#.#.####.#.
#..@.......
###)g......
#.####..# .). .#
<.. ..... .....
#.....#


You could see a hobgoblin.

Vanquished Creatures
  Sigmund (D:2)
  A water moccasin (D:3)
  An ogre (D:4)
  Crazy Yiuf (D:3)
  Natasha (twice) (D:3)
  4 adders
  2 dart slugs
  3 orcs (D:3)
  9 bats
  7 endoplasms
  3 giant cockroaches
  9 goblins
  7 hobgoblins
  4 jackals (D:1)
  3 kobolds
  2 quokkas
  7 ball pythons
  3 frilled lizards
  6 rats
75 creatures vanquished.

Vanquished Creatures (others)
  A plant (D:1)
1 creature vanquished.

Grand Total: 76 creatures vanquished

Notes
Turn   | Place    | Note
-------+----------+-------------------------------------------
     0 | D:1      | vvl the Demonspawn Venom Mage began the quest for the Orb.
     0 | D:1      | Reached XP level 1. HP: 13/13 MP: 3/3
   533 | D:1      | Reached skill level 1 in Transmutations
   688 | D:1      | Discovered your monstrous ancestry.
   688 | D:1      | Gained mutation: You have sharp fingernails. [demonic
                  | ancestry]
   688 | D:1      | Reached XP level 2. HP: 20/20 MP: 1/5
  1380 | D:1      | Gained mutation: You have a pair of small antennae on your
                  | head. [demonic ancestry]
  1380 | D:1      | Reached XP level 3. HP: 24/25 MP: 3/6
  2095 | D:2      | Noticed Sigmund
  2100 | D:2      | Reached skill level 1 in Fighting
  2758 | D:2      | Killed Sigmund
  2759 | D:2      | Reached skill level 1 in Armour
  2759 | D:2      | Reached skill level 4 in Poison Magic
  2759 | D:2      | Gained mutation: You regenerate magic rapidly. [demonic
                  | ancestry]
  2759 | D:2      | Reached XP level 4. HP: 16/33 MP: 0/8
  2759 | D:2      | Gained mutation: You have a small tail. [demonic ancestry]
  2759 | D:2      | Reached XP level 5. HP: 18/38 MP: 0/9
  3082 | D:2      | Found a faded altar of an unknown god.
  3473 | D:2      | Found Otueneph's Weapon Boutique.
  3755 | D:3      | Found a blossoming altar of Fedhas.
  3989 | D:3      | Found Ygigravo's Armour Emporium.
  4324 | D:3      | Noticed a water moccasin
  4341 | D:3      | Killed a water moccasin
  4342 | D:3      | Gained mutation: You have very sharp fingernails. [demonic
                  | ancestry]
  4342 | D:3      | Reached XP level 6. HP: 8/44 MP: 2/10
  4349 | D:3      | HP: 3/66 [poisoned by a water moccasin]
  4849 | D:3      | Noticed an angel
  5467 | D:3      | Noticed Natasha
  5470 | D:3      | Killed Natasha
  5517 | D:3      | Noticed Natasha
  5524 | D:3      | Killed Natasha
  5712 | D:3      | Found a runed translucent door.
  5713 | D:3      | Noticed Crazy Yiuf
  5724 | D:3      | Killed Crazy Yiuf
  5849 | D:4      | Found a stormy altar of Qazlal.
  5942 | D:4      | HP: 1/45 [ogre/+0 giant spiked club (8)]
  5945 | D:4      | Reached skill level 5 in Poison Magic
  5945 | D:4      | Gained mutation: You are partially covered in sharp spines.
                  | [demonic ancestry]
  5945 | D:4      | Reached XP level 7. HP: 2/51 MP: 8/11
  5945 | D:4      | Slain by a hobgoblin

Illustrated notes

Levels and vault maps discovered:
D:1:      matt_arrival_refuge, layout_loops_ring, serial_bayou_pond_b
D:2:      layout_rooms, shapermc_ecumenical_altar_totnotflames, serial_shops,
          nicolae_diamond_shop, uniq_sigmund
D:3:      layout_basic, mainiacjoe_overflow_six_doors_small, zin_angel,
          serial_shops, nicolae_shop_stone, uniq_crazy_yiuf_cottage,
          uniq_natasha
D:4:      layout_loops_ring, general_overflow_altar, kennysheep_vampire_church,
          minitemple, minmay_temple_entry_statues_fountains, uniq_menkaure,
          uniq_duvessa

Skill      XL: |  1  2  3  4  5  6 |
---------------+-------------------+-----
Transmutations | 1 2 |  2.4
Stealth        | 2 |  2.0
Dodging        | 2 3 |  3.0
Fighting       | 1 2 |  2.5
Armour         | 1 2 |  2.1
Poison Magic   | 4 5 |  5.0
Spellcasting   | 3 |  3.1

Action                   |  1- 3 |  4- 6 |  7- 9 || total
-------------------------+-------+-------+-------++-------
Melee: Unarmed           |    50 |     4 |       ||    54
       Punch             |     1 |     1 |       ||     2
       Short sword       |       |    39 |       ||    39
       Tailslap          |       |     9 |       ||     9
       Quarterstaff      |       |     5 |     1 ||     6
 Cast: Sting             |    53 |    81 |       ||   134
  Use: Potion            |     2 |     3 |       ||     5
 Stab: Distracted        |       |     1 |       ||     1
Armor: Robe              |    14 |    14 |       ||    28
Dodge: Dodged            |    66 |    58 |       ||   124
